 Dungeon Crawl Stone Soup version 0.31.0-11-ge490571c62 (webtiles) character file.

Game seed: 11254111129429262884

518 monsoonserge the Chiller (level 7, -5/48 HPs)
             Began as a Barachi Ice Elementalist on Feb 2, 2024.
             Slain by Pikel
             ... wielding a +2 whip of electrocution
              (16 damage)
             ... on level 4 of the Dungeon.
             The game lasted 00:11:41 (2989 turns).

monsoonserge the Chiller (Barachi Ice Elementalist) Turns: 2989, Time: 00:11:43

Health: -5/48      AC: 10    Str: 10    XL:     7   Next: 21%
Magic:  6/12       EV: 10    Int: 17    God:
Gold:   177        SH:  0    Dex: 12    Spells: 6/13 levels left

rFire   + . .        q - +2 quarterstaff (chaos)
rCold   . . .        (shield currently unavailable)
rNeg    . . .        v - +2 ring mail {rF+}
rPois   .            h - +0 helmet
rElec   .            r - +1 cloak {rCorr}
rCorr   +            (no gloves)
SInv    .            (no boots)
Will    .....        (no amulet)
Stlth   +            (no ring)
HPRegen 0.28/turn    (no ring)
MPRegen 0.13/turn

%: no passive effects
@: unable to hop, freezing walls, studying Short Blades, slow
A: amphibious, slowness 1, strong legs 1, +LOS
a: Hop


You were on level 4 of the Dungeon.
You visited 1 branch of the dungeon, and saw 4 of its levels.

You collected 177 gold pieces.

Inventory:

Hand Weapons
 q - a +2 quarterstaff of chaos (weapon)
 y - a +1 dagger of venom
Missiles
 k - 5 javelins (quivered)
Armour
 a - a +0 robe
 h - a +0 helmet (worn)
 r - a +1 cloak of preservation (worn)
 u - a +0 leather armour
 v - a +2 ring mail of fire resistance (worn)
 z - the +0 leather armour of Hedonism {Rampage rF++ Slay+2}
   (You took it off a hobgoblin on level 4 of the Dungeon)

   Slay+2:    It affects your accuracy & damage with ranged weapons and melee
   (+2).
   rF++:      It greatly protects you from fire.
   Rampage:   It bestows one free step when moving towards enemies.
Magical Staves
 d - a staff of alchemy
Jewellery
 o - an amulet of guardian spirit
Scrolls
 c - 4 scrolls of teleportation {unknown}
 e - 5 scrolls of poison {unknown}
 g - 2 scrolls of noise {unknown}
 i - 3 scrolls of identify {unknown}
 j - 3 scrolls of immolation {unknown}
 l - a scroll of vulnerability {unknown}
 x - a scroll of fog {unknown}
Potions
 b - a potion of magic
 f - a potion of attraction {unknown}
 m - a potion of heal wounds {unknown}
 n - a potion of cancellation {unknown}
 s - a potion of haste {unknown}
 t - a potion of ambrosia {unknown}
 w - a potion of invisibility {unknown}


   Skills:
 + Level 1.1 Fighting
 + Level 1.4 Short Blades
 + Level 1.0 Staves
 + Level 1.0 Throwing
 * Level 1.4 Armour
 + Level 2.7 Dodging
 - Level 2.0 Stealth
 * Level 3.6 Spellcasting
 * Level 2.5 Summonings
 + Level 7.8 Ice Magic


You had 6 spell levels left.
You knew the following spells:

 Your Spells              Type           Power      Damage    Failure   Level
a - Freeze                Ice            100%       1d10      1%          1
b - Frozen Ramparts       Ice            58%        1d9       4%          3
c - Summon Ice Beast      Ice/Summ       20%        N/A       14%         3

Your spell library contained the following spells:

 Spells                   Type           Power      Damage    Failure   Level
 Ozocubu's Armour         Ice            29%        N/A       4%          3
 Summon Small Mammal      Summ           44%        N/A       14%         1
 Apportation              Tloc           6%         N/A       38%         1
 Necrotise                Necr           12%        1d4       38%         1
 Sting                    Conj/Alch      12%        1d3       38%         1
 Lesser Beckoning         Tloc           6%         N/A       54%         2
 Gell's Gravitas          Tloc           3%         N/A       77%         3
 Teleport Other           Tloc           3%         N/A       77%         3


Dungeon Overview and Level Annotations

Branches:
Dungeon (4/15)
 Temple: D:4-7

Altars:
Ashenzari
Zin

Annotations:
D:4 Pikel


Innate Abilities, Weirdness & Mutations

You are amphibious.
You cover ground slowly.
You can hop short distances.
You have an extended range of vision and can be seen from far away.


Message History

Press: ? - help, Dir - look around, f - activate The walls around you are covered in ice.
Throw: 4 darts (poison)
Press: ? - help, Q - select action, (/) - cycle Shift-Dir - straight line, f - Pikel
Aim: Pikel, wielding a +2 whip of electrocution and wearing a +0 robe (moderately wounded, strong, 43% to hit)
You throw a poisoned dart. The poisoned dart closely misses Pikel.
The poisoned dart hits the lemure.
The lemure is poisoned.
The lemure is severely wounded.
Throw: 3 darts (poison)
Press: ? - help, Q - select action, (/) - cycle Shift-Dir - straight line, f/p - Pikel
Aim: Pikel, wielding a +2 whip of electrocution and wearing a +0 robe (moderately wounded, strong, 43% to hit)
You throw a poisoned dart. The poisoned dart hits Pikel.
Pikel is poisoned.
Pikel is moderately wounded.
Throw: 2 darts (poison)
Press: ? - help, Q - select action, (/) - cycle Shift-Dir - straight line, f/p - Pikel
Aim: Pikel, wielding a +2 whip of electrocution and wearing a +0 robe (moderately wounded, strong, poisoned, 43% to hit)
You throw a poisoned dart. The poisoned dart hits Pikel.
Pikel is moderately wounded.
The wall freezes Pikel.
Throw: dart (poison)
Press: ? - help, Q - select action, (/) - cycle Shift-Dir - straight line, f/p - Pikel
Aim: Pikel, wielding a +2 whip of electrocution and wearing a +0 robe (moderately wounded, strong, poisoned, 43% to hit)
You throw a poisoned dart. The poisoned dart barely misses Pikel.
The poisoned dart hits the lemure.
The lemure is almost dead.
The wall freezes Pikel but does no damage.
You hit Pikel.
Pikel looks even sicker.
Pikel is heavily wounded.
The wall freezes Pikel.
Pikel barely misses you.
The wall freezes Pikel but does no damage.
Pikel closely misses you.
You hit Pikel. You drain Pikel.
Pikel is almost dead.
The wall freezes Pikel but does no damage.
Pikel hits you with a +2 whip of electrocution!
* * * LOW HITPOINT WARNING * * *
You are electrocuted!
You die...
Pikel says, "See you in Hell!"

#....)###.....#
###.#...#.#####
#..###.#.######. #.##
#..........# ###
##.#####............(.
######..##....#######......
#......###.#### ......
#..........#########5......
#............@K.(5o55w..$..
#.<.....############Kg.$...
#......## ...... #......#
.w... #......# ....
#......# ... ######## .. .


You could see Pikel (strong, very poisoned, drained), 4 lemures, a ribbon worm,
an orc, a goblin and a kobold.

Vanquished Creatures
  Sigmund (D:2)
  2 phantoms (D:4)
  Crazy Yiuf (D:2)
  Jessica (D:2)
  Robin (D:2)
  4 gnolls (D:4)
  An adder (D:2)
  2 ribbon worms
  12 orcs
  5 endoplasms
  2 giant cockroaches (D:1)
  13 goblins
  6 hobgoblins
  6 jackals
  4 quokkas
  5 ball pythons
  6 bats
  3 frilled lizards
  7 kobolds
  3 rats
85 creatures vanquished.

Notes
Turn   | Place    | Note
-------+----------+-------------------------------------------
     0 | D:1      | monsoonserge the Barachi Ice Elementalist began the quest
                  | for the Orb.
     0 | D:1      | Reached XP level 1. HP: 13/13 MP: 3/3
    34 | D:1      | Reached skill level 5 in Ice Magic
   230 | D:1      | Reached XP level 2. HP: 19/19 MP: 5/5
   256 | D:1      | Found a faded altar of an unknown god.
   856 | D:1      | Reached XP level 3. HP: 24/24 MP: 3/6
  1075 | D:2      | Learned a level 3 spell: Frozen Ramparts
  1078 | D:2      | Noticed Jessica
  1078 | D:2      | Noticed Robin
  1093 | D:2      | Killed Jessica
  1094 | D:2      | Reached skill level 6 in Ice Magic
  1094 | D:2      | Reached XP level 4. HP: 26/30 MP: 1/8
  1095 | D:2      | Killed Robin
  1169 | D:1      | Learned a level 3 spell: Summon Ice Beast
  1283 | D:2      | Found a runed translucent door.
  1284 | D:2      | Noticed Crazy Yiuf
  1490 | D:2      | Reached skill level 1 in Summonings
  1620 | D:2      | Noticed Sigmund
  1626 | D:2      | Killed Sigmund
  1627 | D:2      | Reached skill level 1 in Short Blades
  1627 | D:2      | Reached skill level 7 in Ice Magic
  1627 | D:2      | Reached XP level 5. HP: 36/36 MP: 2/9
  1627 | D:2      | Reached XP level 6. HP: 42/42 MP: 2/10
  1818 | D:2      | Killed Crazy Yiuf
  2492 | D:3      | Found a broken altar of Ashenzari.
  2492 | D:3      | Found a glowing silver altar of Zin.
  2814 | D:4      | Reached skill level 1 in Fighting
  2814 | D:4      | Reached skill level 1 in Armour
  2814 | D:4      | Reached XP level 7. HP: 37/48 MP: 10/12
  2891 | D:4      | Reached skill level 1 in Throwing
  2916 | D:4      | Reached skill level 1 in Staves
  2967 | D:4      | Identified the +0 leather armour of Hedonism {Rampage rF++
                  | Slay+2}
  2971 | D:4      | Noticed Pikel
  2989 | D:4      | Slain by Pikel

Illustrated notes

Levels and vault maps discovered:
D:1:      mushboom_english_gardens, layout_loops_ring,
          chequers_ecumenical_altar_simple_redux, chequers_serial_rivers_room_b,
          minmay_misc_feat_hallway, minmay_misc_feat_cross
D:2:      layout_rooms, columned_hall_lemuel, minivault_14,
          uniq_crazy_yiuf_cottage, uniq_jessica, uniq_robin, uniq_sigmund
D:3:      layout_loops_ring, gammafunk_temple_overflow_elements
D:4:      layout_rooms, okawaru_gym_becter, yredelemnul_forgotten_temple_becter,
          lemuel_crystal_altar, uniq_pikel

Skill      XL: |  1  2  3  4  5  6  7 |
---------------+----------------------+-----
Ice Magic      | 5 6 7 |  7.8
Stealth        | 2 |  2.0
Spellcasting   | 3 |  3.6
Summonings     | 2 |  2.5
Short Blades   | 1 |  1.4
Fighting       | 1 |  1.1
Armour         | 1 |  1.4
Throwing       | 1 |  1.0
Staves         | 1 |  1.0
Dodging        | |  2.7

Action                     |  1- 3 |  4- 6 |  7- 9 || total
---------------------------+-------+-------+-------++-------
  Melee: Unarmed           |    11 |       |       ||    11
         Dagger            |     9 |       |       ||     9
         Short sword       |    11 |    13 |       ||    24
         Punch             |       |     1 |       ||     1
         Quarterstaff      |       |    20 |    17 ||    37
  Throw: Javelin           |     5 |     1 |       ||     6
         Dart              |       |     6 |     5 ||    11
   Cast: Freeze            |    25 |    30 |     1 ||    56
         Frozen Ramparts   |     2 |    12 |     4 ||    18
Ability: Hop               |       |       |     1 ||     1
   Stab: Sleeping          |     3 |     1 |       ||     4
 Armour: Robe              |    21 |    18 |       ||    39
         Ring mail         |       |    24 |    12 ||    36
  Dodge: Dodged            |    30 |    27 |     7 ||    64
